 Dungeon Crawl Stone Soup version 0.29.0-11-gd7f09526c8 (webtiles) character file.

Game seed: 9618711541107236987

233 Zeldest the Ruffian (level 6, -1/48 HPs)
             Began as a Meteoran Warper on Sept 3, 2022.
             Slain by a jelly (2 damage)
             ... on level 4 of the Dungeon.
             The game lasted 00:04:05 (867 turns).

Zeldest the Ruffian (Meteoran Warper)                Turns: 867, Time: 00:04:06

Health: -1/48      AC:  0    Str: 14    XL:     6   Next: 51%
Magic:  11/11      EV:  6    Int: 16    God:
Gold:   40         SH:  0    Dex: 13    Spells: 10/10 levels left

rFire   . . .      SeeInvis .     - Unarmed
rCold   . . .      Faith    .   (no shield)
rNeg    . . .      Spirit   .   j - +0 chain mail
rPois   .          Reflect  .   (no helmet)
rElec   .          Harm     .   (no cloak)
rCorr   .          Rampage  .   (no gloves)
Will    .....                   (no boots)
Stlth   ..........              (no amulet)
HPRegen 0.16/turn               (no ring)
MPRegen 0.12/turn               (no ring)

@: corroded, glowing
A: sense surroundings 1, otherworldly, glowing, explore regen
a: no special abilities


You were on level 4 of the Dungeon.
You visited 1 branch of the dungeon, and saw 4 of its levels.

You collected 40 gold pieces.

Inventory:

Hand Weapons
 d - a +1 dagger of draining
Missiles
 c - 6 boomerangs of dispersal (quivered)
Armour
 a - a +0 leather armour
 j - a +0 chain mail (worn)
Jewellery
 n - an amulet of magic regeneration
Wands
 b - a wand of flame (20)
Scrolls
 e - a scroll of enchant armour {unknown}
 h - a scroll of butterflies {unknown}
 l - a scroll of identify {unknown}
 m - a scroll of noise {unknown}
Potions
 f - a potion of mutation {unknown}
 g - a potion of curing {unknown}
 i - a potion of degeneration {unknown}
 k - a potion of might {unknown}


   Skills:
 - Level 2.1 Fighting
 - Level 1.2 Throwing
 - Level 1.2 Armour
 - Level 2.4 Dodging
 + Level 7.4 Unarmed Combat
 - Level 2.6 Spellcasting
 - Level 3.6 Translocations


You had 10 spell levels left.
You didn't know any spells.
Your spell library contained the following spells:

 Spells                   Type           Power      Damage    Failure   Level
 Blink                    Tloc           26%        N/A       88%         2
 Gell's Gravitas          Tloc           13%        N/A       98%         3
 Lesser Beckoning         Tloc           13%        N/A       98%         3
 Teleport Other           Tloc           13%        N/A       98%         3
 Manifold Assault         Tloc           13%        N/A       100%        5


Dungeon Overview and Level Annotations

Branches:
Dungeon (4/15) Zot: 1545
 Temple: D:4-7

Altars:
Makhleb
Qazlal
Vehumet

Annotations:
D:3 Grinder


Innate Abilities, Weirdness & Mutations

You passively map a small area around you.
You are easily found by Zot.
You glow in the dark.
You regain HP and MP as you explore.


Message History

Found a blackened filigree amulet and a copper wand.
You are no longer corroded.
The orc attacks as you move away! The orc hits you with a +0 dagger.
The orc attacks as you move away! The orc hits you with a +0 dagger.
The orc attacks as you move away! The orc hits you but does no damage.
You see here a wand of flame (20).
b - a wand of flame (20)
The orc hits you with a +0 hand axe. The orc attacks as you move away!
The orc hits you but does no damage. The orc attacks as you move away!
The orc barely misses you.
The jelly jiggles.
You see here an amulet of magic regeneration.
n - an amulet of magic regeneration The orc barely misses you.
The orc attacks as you move away! The orc hits you but does no damage.
The jelly attacks as you move away! The jelly hits you but does no damage.
The orc attacks as you move away! The orc hits you with a +0 hand axe.
The orc closely misses you. The orc attacks as you move away!
The orc hits you but does no damage. The jelly attacks as you move away!
The jelly hits you but does no damage.
Okay, then.
Okay, then.
You hit the jelly. The acid corrodes you!
Your hands burn!
The jelly is lightly wounded.
You hit the jelly.
Your hands burn!
The jelly is moderately wounded.
The jelly hits you. The acid corrodes you!
You are splashed with acid!
You hit the jelly.
Your hands burn!
The jelly is heavily wounded.
The jelly hits you.
You are splashed with acid!
* * * LOW HITPOINT WARNING * * *
You punch the jelly!
Your hands burn!
* * * LOW HITPOINT WARNING * * *
The jelly is almost dead.
The jelly completely misses you.
You hit the jelly but do no damage.
Your hands burn!
* * * LOW HITPOINT WARNING * * *
The jelly is almost dead.
The jelly hits you.
You die...

, ..... * #.#* , , ....
#.# #########.#. ** * #.#
##........... ,, #.#
##.........##. , ,
#.###...#.#.#..... * *
#.##.............. #
#.##..#..#.#..#..# * #.,
#.#@##.............#
#...#.#J##..#.#._.#.#..#
#......oo#.............#
#######.##..#..#.#..#..#
*
,........................
#######.......#.#.#...#.
######.........##.
##........# . *########.#


You could see a jelly and 2 orcs.

Vanquished Creatures
  A necrophage (D:4)
  2 hounds (D:4)
  2 orc wizards
  A gnoll (D:4)
  2 worms
  2 dart slugs
  5 orcs
  4 ball pythons
  2 endoplasms (D:3)
  A goblin (D:2)
  4 hobgoblins
  4 jackals (D:3)
  4 quokkas
  3 bats (D:2)
  2 frilled lizards
  3 rats
42 creatures vanquished.

Notes
Turn   | Place    | Note
-------+----------+-------------------------------------------
     0 | D:1      | Zeldest the Meteoran Warper began the quest for the Orb.
     0 | D:1      | Reached XP level 1. HP: 17/17 MP: 5/5
    74 | D:1      | Reached skill level 3 in Unarmed Combat
    74 | D:1      | Reached XP level 2. HP: 24/24 MP: 6/6
   280 | D:2      | Reached XP level 3. HP: 10/29 MP: 8/8
   335 | D:2      | Reached skill level 4 in Unarmed Combat
   432 | D:3      | Reached XP level 4. HP: 34/36 MP: 9/9
   434 | D:3      | Reached skill level 5 in Unarmed Combat
   599 | D:3      | Noticed Grinder
   601 | D:3      | Paralysed by Grinder for 3 turns
   626 | D:4      | Noticed a necrophage
   651 | D:4      | Killed a necrophage
   652 | D:4      | Reached skill level 6 in Unarmed Combat
   652 | D:4      | Reached XP level 5. HP: 25/41 MP: 10/10
   686 | D:4      | Reached XP level 6. HP: 31/48 MP: 11/11
   699 | D:4      | Reached skill level 7 in Unarmed Combat
   767 | D:4      | Found a burning altar of Makhleb.
   777 | D:4      | Found a stormy altar of Qazlal.
   836 | D:4      | Found a radiant altar of Vehumet.
   867 | D:4      | HP: 1/48 [acid (2)]
   867 | D:4      | Slain by a jelly

Illustrated notes

Levels and vault maps discovered:
D:1:      erik_arrival_triangle_medium, layout_loops_ring,
          hellmonk_ecumenical_altar_heavens_door
D:2:      layout_basic, basic_altar, uniq_sigmund
D:3:      layout_rooms, uniq_grinder, uniq_ijyb, uniq_terence
D:4:      layout_basic, nicolae_vehumet_radiance,
          mainiacjoe_overflow_catwalk_spiral, serial_shops, kennysheep_mini,
          cheibrodos_gnoll_hut, uniq_edmund

Skill      XL: |  1  2  3  4  5  6 |
---------------+-------------------+-----
Unarmed Combat | 3 4 6 7 |  7.4
Fighting       | |  2.1
Throwing       | |  1.2
Armour         | |  1.2
Dodging        | |  2.4
Spellcasting   | |  2.6
Translocations | |  3.6

Action                   |  1- 3 |  4- 6 || total
-------------------------+-------+-------++-------
Melee: Unarmed           |    10 |   108 ||   118
       Dagger            |    76 |       ||    76
       Punch             |       |     7 ||     7
Throw: Boomerang         |       |     1 ||     1
  Use: Potion            |     1 |       ||     1
       Scroll            |       |     1 ||     1
Armor: Leather armour    |    25 |    10 ||    35
       Skin              |     4 |       ||     4
       Chain mail        |       |    34 ||    34
Dodge: Dodged            |    37 |    43 ||    80
